 Dungeon Crawl Stone Soup version 0.22.1-5-g62c59d9 (webtiles) character file.

333 Fang the Skirmisher (level 6, -3/40 HPs)
             Began as a Gargoyle Berserker on Jan 11, 2019.
             Was a Priest of Trog.
             Slain by a wight
             ... wielding a cursed +3 great sword
              (4 damage)
             ... on level 4 of the Dungeon on Jan 14, 2019.
             The game lasted 00:04:11 (2766 turns).

Fang the Skirmisher (Gargoyle Berserker)            Turns: 2766, Time: 00:04:12

Health: -3/40      AC: 13    Str: 23    XL:     6   Next: 53%
Magic:  6/6        EV: 10    Int:  7    God:    Trog [***...]
Gold:   198        SH:  0    Dex: 12    Spells: 5/5 levels left

rFire    . . .     SeeInvis .   a - +0 hand axe
rCold    . . .     Gourm    .   (no shield)
rNeg     + . .     Faith    .   o - +0 chain mail
rPois    ∞         Spirit   .   (no helmet)
rElec    +         Reflect  .   (no cloak)
rCorr    .         Harm     .   (no gloves)
MR       .....                  (no boots)
Stlth    ..........             (no amulet)
HPRegen  0.13/turn              h - +1 ring of evasion
MPRegen  0.10/turn              p - +3 ring of dexterity

@: berserk cooldown, slowed, very slow
A: negative energy resistance 1, electricity resistance, unbreathing,
petrification resistance, rot immunity, AC +4
a: Berserk, Trog's Hand, Renounce Religion


You were on level 4 of the Dungeon.
You worshipped Trog.
Trog was most pleased with you.
You were very hungry.

You visited 1 branch of the dungeon, and saw 4 of its levels.

You collected 198 gold pieces.

Inventory:

Hand Weapons
 a - a +0 hand axe (weapon)
Armour
 o - a +0 chain mail (worn)
Jewellery
 h - a +1 ring of evasion (left hand)
 p - a +3 ring of dexterity (right hand)
Scrolls
 e - 5 scrolls of identify {unknown}
 f - a scroll of teleportation {unknown}
 i - a scroll of enchant armour {unknown}
 k - a scroll of magic mapping {unknown}
 q - a scroll of remove curse {unknown}
 s - a scroll of immolation {unknown}
Potions
 b - 2 potions of degeneration {unknown}
 d - a potion of haste {unknown}
 g - 2 potions of flight {unknown}
 j - a potion of invisibility {unknown}
 l - a potion of heal wounds {unknown}
 m - a potion of curing {unknown}
 r - a potion of cancellation {unknown}
 t - a potion of mutation {unknown}
Comestibles
 c - 6 rations
 n - a chunk of flesh


   Skills:
 + Level 4.9 Fighting
 + Level 4.7 Axes
 + Level 3.0 Armour
 + Level 2.6 Dodging
 + Level 0.5 Stealth


You had 5 spell levels left.
You didn't know any spells.
Your spell library was empty.

Dungeon Overview and Level Annotations

Branches:
Dungeon (4/15)
 Temple: D:4-7

Altars:
Okawaru
Trog
Vehumet


Innate Abilities, Weirdness & Mutations

You are resistant to torment.
Your stone body is resilient. (AC +4)
You are immune to poison.
You resist negative energy. (rN+)
You are resistant to electric shocks. (rElec)
You can survive without breathing.
You are immune to petrification.
You are immune to rotting.


Message History

You are no longer berserk.
You pass out from exhaustion.
You feel yourself slow down. The wight completely misses you.
The wight hits you with a mace of draining.
* * * LOW HITPOINT WARNING * * *
The wight hits you with an enchanted great sword.
* * * LOW HITPOINT WARNING * * *
The wight hits you but does no damage.
You are feeling very hungry.
You can move again.
Things that are here:
a falchion of freezing; a robe You hit the wight but do no damage.
The wight is heavily damaged.
You barely miss the wight.
The wight hits you with an enchanted great sword!
* * * LOW HITPOINT WARNING * * *
The wight hits you but does no damage. x2
The wight hits you with an enchanted great sword.
You die...

#... # ####..##
.# ...... #.##
....# .... ...
... #.##.####.
###z........ ...
#..@...#
#...#####.#z####
.....#...=...#
.....#.......#
....#.......#
#........#
#..[)....#
#........#
#........#


You could see 2 wights.

Vanquished Creatures
  A wight (D:4)
  A quasit (D:3)
  An orc priest (D:4)
  Jessica (D:3)
  Terence (D:3)
  Robin (D:3)
  5 adders
  An ooze (D:3)
  6 worms
  3 dart slugs (D:1)
  5 leopard geckos
  4 orcs (D:4)
  7 bats
  7 giant cockroaches
  10 hobgoblins
  5 jackals
  A quokka (D:3)
  3 frilled lizards
  14 goblins
  6 kobolds
  7 rats
90 creatures vanquished.

Notes
Turn   | Place    | Note
-------+----------+-------------------------------------------
     0 | D:1      | Fang the Gargoyle Berserker began the quest for the Orb.
     0 | D:1      | Reached XP level 1. HP: 14/14 MP: 1/1
    28 | D:1      | Reached XP level 2. HP: 15/19 MP: 2/2
   770 | D:1      | Reached XP level 3. HP: 24/24 MP: 3/3
   962 | D:3      | Reached ** piety under Trog
  1439 | D:2      | Reached XP level 4. HP: 29/29 MP: 4/4
  1556 | D:2      | Found an iron altar of Okawaru.
  1690 | D:2      | Found a bloodstained altar of Trog.
  1960 | D:3      | Noticed Robin
  1977 | D:3      | Reached XP level 5. HP: 34/34 MP: 5/5
  1990 | D:3      | Killed Robin
  2077 | D:3      | Found a radiant altar of Vehumet.
  2140 | D:3      | Noticed Terence
  2140 | D:3      | Noticed Jessica
  2145 | D:3      | Killed Jessica
  2145 | D:3      | Reached *** piety under Trog
  2148 | D:3      | Killed Terence
  2335 | D:3      | Reached XP level 6. HP: 40/40 MP: 6/6
  2766 | D:4      | HP: 1/40 [wight/enchanted great sword (7)]
  2766 | D:4      | Slain by a wight

Skill      XL: |  1  2  3  4  5  6 |
---------------+-------------------+-----
Axes           | 3 4 |  4.7
Fighting       | 4 |  4.9
Dodging        | 2 |  2.6
Armour         | 3 |  3.0
Stealth        | |  0.5

Action                   |  1- 3 |  4- 6 || total
-------------------------+-------+-------++-------
Melee: Hand axe          |    93 |   204 ||   297
Invok: Berserk           |     1 |     4 ||     5
  Eat: Chunk             |     3 |     7 ||    10
Armor: Animal skin       |    48 |    10 ||    58
       Scale mail        |       |    16 ||    16
       Chain mail        |       |   107 ||   107
Dodge: Dodged            |    85 |   115 ||   200
